 Seeded DCSS version 0.31-a0-496-g6f97920a28 (webtiles) character file.

Game seed: 7415222406553760909 (custom seed)

138 innerfire43 the Changeling (level 5, -1/34 HPs)
             Began as an Octopode Shapeshifter on Aug 8, 2023.
             Slain by an ice beast (11 damage)
             ... on level 3 of the Dungeon.
             The game lasted 00:04:42 (2508 turns).

innerfire43 the Changeling (Octopode Shapeshifter)  Turns: 2508, Time: 00:04:43

Health: -1/34      AC:  1    Str: 15    XL:     5   Next: 21%
Magic:  5/5        EV: 13    Int: 14    God:
Gold:   175        SH:  0    Dex: 12    Spells: 4/4 levels left

rFire   . .          .
                       - Unarmed
rCold   . . .        (no shield)
rNeg    + . .        (helmet currently unavailable)
rPois   +            (no amulet)
rElec   .            d - ring of wizardry
rCorr   .            f - ring of positive energy
SInv    .            h - ring of wizardry
Will    +....        k - ring of poison resistance
Stlth   ++           (no ring)
HPRegen 0.25/turn    (no ring)
MPRegen 0.09/turn    (no ring)
                     (no ring)

%: wizardry (x2)
@: beast-form
A: beast (slay +2), almost no armour, amphibious, 8 rings, camouflage 1,
gelatinous body 1, (nimble swimmer 1), tentacles, clever 1, strong-willed 1
a: Begin Untransformation


You were on level 3 of the Dungeon.
You were a hulking beast.
You visited 1 branch of the dungeon, and saw 3 of its levels.

You collected 175 gold pieces.

Inventory:

Jewellery
 d - a ring of wizardry (left tentacle)
 f - a ring of positive energy (right tentacle)
 h - a ring of wizardry (on tentacle)
 k - a ring of poison resistance (on tentacle)
Talismans
 b - a beast talisman (active)
 c - a flux talisman
Scrolls
 g - 2 scrolls of teleportation {unknown}
 i - 4 scrolls of identify {unknown}
 j - a scroll of poison {unknown}
 l - 2 scrolls of fog {unknown}
 m - 2 scrolls of fear {unknown}
 n - a scroll of noise {unknown}
Potions
 a - a potion of lignification
 e - a potion of brilliance {unknown}


   Skills:
 - Level 2.1 Fighting
 - Level 2.3 Dodging
 - Level 3.2 Unarmed Combat
 * Level 4.4 Shapeshifting


You had 4 spell levels left.
You didn't know any spells.
Your spell library was empty.

Dungeon Overview and Level Annotations

Branches:
Dungeon (3/15)

Altars:
Dithmenos
Nemelex Xobeh
Qazlal
Uskayaw
Yredelemnul
The Shining One

Shops:
D:1 ?

Annotations:
D:3 1 transporter


Innate Abilities, Weirdness & Mutations

You are a hulking beast.
Your limbs bulge with bestial killing power. (Slay +2)
You cannot wear most types of armour.
You are amphibious.
You can wear up to eight rings at the same time.
Your skin changes colour to match your surroundings (Stealth+).
Your rubbery body absorbs attacks. (AC +1, EV +1)
((You are camouflaged when in or above water. (Stealth+)))
You have tentacles for arms and can constrict up to eight enemies at once.
Your mind is acute. (Int +4, Str/Dex -1)
You are strong-willed. (Will+)


Message History

No target in view!
No target in view!
The goblin shouts!
A goblin is nearby!
A goblin is nearby!
The goblin hits you with a +0 club.
A goblin is nearby!
You barely miss the goblin. You grab the goblin. You constrict the goblin.
The goblin hits you but does no damage.
A goblin is nearby!
You bludgeon the goblin!
You kill the goblin!
Key pressed, stopping explore.
No target in view!
No target in view!
Partly explored, unvisited transporter.
No target in view!
No target in view!
Partly explored, unvisited transporter.
No target in view!
Partly explored, unvisited transporter.
No target in view!
Partly explored, unvisited transporter.
The iguana hisses angrily.
The shadow imp shouts!
The endoplasm quivers.
There is a transporter here.
You enter the transporter and appear at another place.
The endoplasm hits you but does no damage.
The endoplasm attacks as you move away!
The endoplasm hits you but does no damage.
You closely miss the bullfrog.
The bullfrog croaks.
You grab the bullfrog. You constrict the bullfrog. The bullfrog hits you!
The endoplasm misses you. The ice beast hits you. The ice beast freezes you!
You tentacle-slap the bullfrog.
The bullfrog is lightly wounded.
You constrict the bullfrog.
The bullfrog hits you. x2; The ice beast hits you.
* * * LOW HITPOINT WARNING * * *
The ice beast freezes you!
You die...

#####...#....##
##.....©.......###
#######..#########.....#
#....##.##8.....8##....#
#....##.#.........#....#
#..>..#.#....©....#....# #####
#.......#....5....#....# #...#
#.....#.#...JYl..©#....# #...#
#.....#.#....h....#....###...#
#.....#.#....F....#....'.'....
###.....#..$?$)?..#....###...#
#...#.##8$___$8##....# #...#
#...#..#########.....# #...#
#...##.....©........(# #...#
#......###...##......# #....
#...##.# ##.###.###### #....
#......# #.# #....#####....


You could see an ice beast, a bullfrog, an iguana, a shadow imp and an
endoplasm.

Vanquished Creatures
  Robin (D:2)
  4 adders
  2 worms
  A dart slug (D:2)
  5 ball pythons
  4 bats
  An endoplasm (D:2)
  2 giant cockroaches (D:1)
  17 goblins
  7 hobgoblins
  12 jackals
  7 quokkas
  4 frilled lizards
  5 kobolds
  4 rats
76 creatures vanquished.

Notes
Turn   | Place    | Note
-------+----------+-------------------------------------------
     0 | D:1      | innerfire43 the Octopode Shapeshifter began the quest for
                  | the Orb.
     0 | D:1      | Reached XP level 1. HP: 13/13 MP: 1/1
    52 | D:1      | Reached XP level 2. HP: 7/18 MP: 2/2
   211 | D:1      | Reached XP level 3. HP: 14/23 MP: 3/3
   431 | D:1      | Found Onoqawk's Magic Scroll Emporium.
   948 | D:2      | Noticed Robin
   961 | D:3      | HP: 1/24 [adder (3)]
  1043 | D:2      | Reached XP level 4. HP: 11/29 MP: 4/4
  1159 | D:2      | Killed Robin
  1228 | D:2      | Reached skill level 4 in Shapeshifting
  1749 | D:3      | Found a stormy altar of Qazlal.
  1749 | D:3      | Found a basalt altar of Yredelemnul.
  1750 | D:3      | Found a hide-covered altar of Uskayaw.
  1753 | D:3      | Noticed an ice beast
  1754 | D:3      | Noticed a bullfrog
  1755 | D:3      | Found a transporter.
  1790 | D:3      | Found a shadowy altar of Dithmenos.
  1816 | D:3      | Reached XP level 5. HP: 34/34 MP: 5/5
  1864 | D:3      | Found a sparkling altar of Nemelex Xobeh.
  1947 | D:3      | Gained mutation: You are strong-willed. (Will+) [potion of
                  | mutation]
  1947 | D:3      | Gained mutation: Your mind is acute. (Int +4, Str/Dex -1)
                  | [potion of mutation]
  2087 | D:3      | Found a glowing golden altar of the Shining One.
  2109 | D:3      | Found a transporter.
  2508 | D:3      | Slain by an ice beast

Illustrated notes

Levels and vault maps discovered:
D:1:      spicycebolla_green_bress_n_ham_2, layout_rooms, serial_shops, shop,
          minmay_misc_feat_hallway
D:2:      layout_basic, uniq_robin
D:3:      minmay_evil_eye, layout_basic,
          mainiacjoe_overflow_concentric_impassable, lemuel_tele_altar,
          gammafunk_temple_overflow_arena, nemelex_altar_shiori,
          kennysheep_generic_room_6

Skill      XL: |  1  2  3  4 |
---------------+-------------+-----
Fighting       | 2 |  2.1
Shapeshifting  | 4 |  4.4
Dodging        | |  2.3
Unarmed Combat | |  3.2

Action                     |  1- 3 |  4- 6 || total
---------------------------+-------+-------++-------
  Melee: Unarmed           |    67 |    69 ||   136
         Constrict         |    15 |    19 ||    34
         Tentacles         |     8 |     8 ||    16
         Punch             |     2 |     2 ||     4
    Use: Potion            |     1 |     5 ||     6
   Stab: Sleeping          |     2 |     4 ||     6
 Armour: Skin              |     5 |    22 ||    27
  Dodge: Dodged            |    51 |    43 ||    94

Table legend: (Time is in decaauts)
 A = Elapsed time spent in this place.
 B = Non-inter-level travel time spent in this place.
 C = Inter-level travel time spent in this place.
 D = Time resting spent in this place.
 E = Time spent auto-exploring this place.
 F = Levels seen in this place.
 G = Mean time per level.
                   A        B        C        D        E       F      G
               +--------+--------+--------+--------+--------+-----+--------+
         Total |   2500 |   2348 |    152 |      0 |   1778 |   3 |  833.3 |
       Dungeon |   2500 |   2348 |    152 |      0 |   1778 |   3 |  833.3 |
               +--------+--------+--------+--------+--------+-----+--------+

Top non-repeatable levels by time:
     D:2: 957 daAuts
     D:3: 952 daAuts
     D:1: 589 daAuts
